 Dungeon Crawl Stone Soup version 0.29.1-15-g9cfb28693d (webtiles) character file.

Game seed: 4637829668488142281

364 Eitelfritz the Slasher (level 6, -2/52 HPs)
             Began as a Minotaur Gladiator on Apr 14, 2023.
             Killed by nerve-wracking pain
             ... invoked by a shadow imp
              (9 damage)
             ... in a sewer.
             The game lasted 00:06:23 (3074 turns).

Eitelfritz the Slasher (Minotaur Gladiator)         Turns: 3074, Time: 00:06:24

Health: -2/52      AC:  3    Str: 18      XL:     6   Next: 39%
Magic:  0/5        EV: 12    Int:  7      God:
Gold:   162        SH:  0    Dex:  9 (12) Spells: 5/5 levels left

rFire   . . .      SeeInvis .   a - +1 long sword
rCold   . . .      Faith    .   (no shield)
rNeg    . . .      Spirit   +   b - +0 leather armour
rPois   .          Reflect  .   c - +0 hat
rElec   .          Harm     .   (no cloak)
rCorr   .          Rampage  .   (no gloves)
Will    .....                   (no boots)
Stlth   +.........              g - amulet of guardian spirit
HPRegen 0.17/turn               (no ring)
MPRegen 0.09/turn               (no ring)

@: slowed, very slow
A: horns 2, retaliatory headbutt
a: no special abilities


You were in a sewer.
You visited 1 branch of the dungeon, and saw 3 of its levels.
You also visited: Sewer.

You collected 162 gold pieces.

Inventory:

Hand Weapons
 a - a +1 long sword (weapon)
Missiles
 d - 3 throwing nets (quivered)
 e - a javelin
 i - 6 poisoned darts
Armour
 b - a +0 leather armour (worn)
 c - a +0 hat (worn)
Jewellery
 g - an amulet of guardian spirit (around neck)
Scrolls
 f - a scroll of teleportation {unknown}
Potions
 h - 2 potions of resistance
 j - a potion of ambrosia {unknown}
 k - a potion of haste {unknown}
 p - a potion of brilliance


   Skills:
 + Level 3.7 Fighting
 + Level 6.2 Long Blades
 + Level 2.1 Throwing
 + Level 3.3 Armour
 + Level 4.6 Dodging
 + Level 0.3 Stealth


You had 5 spell levels left.
You didn't know any spells.
Your spell library was empty.

Dungeon Overview and Level Annotations

Branches:
Dungeon (3/15)              Sewer (1/1)

Altars:
The Shining One

Shops:
D:3 (


Innate Abilities, Weirdness & Mutations

You have a pair of horns on your head.
You reflexively headbutt those who attack you in melee.


Message History

The shadow imp attacks as you move away!
The shadow imp hits you.
The shadow imp attacks as you move away!
The shadow imp hits you but does no damage.
You feel sick. The shadow imp closely misses you. The shadow imp hits you.
You feel sick. The shadow imp gestures at you. Pain shoots through your body!
There is an open door here.
You barely miss the shadow imp.
The shadow imp is heavily wounded.
You feel sick.
You are no longer poisoned.
The shadow imp gestures at you. Pain shoots through your body!
The shadow imp misses you. You furiously retaliate!
You headbutt the shadow imp. The shadow imp gestures at you.
Pain shoots through your body!
* * * LOW HITPOINT WARNING * * *
You hit the shadow imp but do no damage.
The shadow imp barely misses you.
You completely miss the shadow imp. The shadow imp closely misses you.
You completely miss the shadow imp.
You punch the shadow imp, but do no damage.
The shadow imp hits you.
* * * LOW HITPOINT WARNING * * *
The kobold brigand completely misses you.
You furiously retaliate!
You headbutt the kobold brigand. The shadow imp closely misses you.
You furiously retaliate!
You headbutt the shadow imp, but do no damage.
You hit the kobold brigand.
The kobold brigand is moderately wounded.
The kobold brigand hits you with a +0 club.
* * * LOW HITPOINT WARNING * * *
The shadow imp barely misses you.
The kobold brigand hits you with a +0 club.
* * * LOW HITPOINT WARNING * * *
The shadow imp gestures at you. Pain shoots through your body!
You die...

###############~###~...≈#
≈≈≈≈≈≈≈≈..).≈~##≈...~#
≈≈≈≈≈≈≈≈≈≈~~.#))~##≈...≈#
≈≈≈≈≈≈≈≈≈≈~~.#.~≈##~...≈#
≈≈≈≈≈≈≈≈≈≈≈~.#.~≈##≈...~#
≈≈≈≈≈≈≈≈≈≈~..#.~≈###'''##
≈≈~≈≈≈≈≈~~...#.~≈##...).#########
#≈#≈≈###≈#.####.###..§...#≈≈≈≈~≈#
...........≈~#..@#5....§.'.......
..........≈≈≈≈..5KK§._...'.......
...........≈≈#...#.....§.'.......
≈##≈##~###.####.###..§...#≈≈≈~≈≈#
≈~≈≈≈≈≈≈≈~...#)~≈##)....#########
≈≈≈≈≈≈≈≈≈≈...#.)≈###'''##
≈≈≈≈≈≈≈≈≈≈≈..#.≈≈##≈...≈#
≈≈≈≈≈≈≈≈≈≈≈≈.#.~≈##≈...≈#
≈≈≈≈≈≈≈≈≈≈≈..#.~≈##~...≈#


You could see a kobold brigand, a shadow imp and a kobold.

Vanquished Creatures
  Grinder (Sewer)
  2 quasits (Sewer)
  2 adders
  3 shadow imps (Sewer)
  A worm (D:3)
  A dart slug (D:2)
  5 ball pythons
  6 endoplasms
  A giant cockroach (D:3)
  3 goblins
  9 hobgoblins
  2 quokkas
  4 bats
  5 frilled lizards
  21 kobolds
  5 rats
71 creatures vanquished.

Vanquished Creatures (others)
  An endoplasm (Sewer)
1 creature vanquished.

Grand Total: 72 creatures vanquished

Notes
Turn   | Place    | Note
-------+----------+-------------------------------------------
     0 | D:1      | Eitelfritz the Minotaur Gladiator began the quest for the
                  | Orb.
     0 | D:1      | Reached XP level 1. HP: 18/18 MP: 0/0
   320 | D:1      | Reached XP level 2. HP: 25/25 MP: 1/1
   423 | D:1      | Reached skill level 4 in Long Blades
   729 | D:1      | Found a faded altar of an unknown god.
  1022 | D:2      | Reached XP level 3. HP: 22/30 MP: 2/2
  1395 | D:2      | Reached skill level 1 in Armour
  1783 | D:3      | Found Pevvynleod's Weapon Shoppe.
  1832 | D:3      | Found a glowing golden altar of the Shining One.
  1863 | D:3      | HP: 1/30 [poisoned by an adder]
  2024 | D:3      | Found a glowing drain.
  2043 | Sewer    | Entered a sewer
  2048 | Sewer    | Reached XP level 4. HP: 15/37 MP: 1/3
  2580 | Sewer    | Found a burning altar of Makhleb.
  2610 | Sewer    | Reached skill level 5 in Long Blades
  2610 | Sewer    | Reached XP level 5. HP: 20/45 MP: 4/4
  2781 | Sewer    | Noticed Grinder
  2792 | Sewer    | Killed Grinder
  2793 | Sewer    | Reached skill level 6 in Long Blades
  2793 | Sewer    | Reached XP level 6. HP: 24/51 MP: 2/5
  3074 | Sewer    | Killed from afar by a shadow imp

Illustrated notes

Levels and vault maps discovered:
D:1:      minmay_arrival_three_doors, layout_loops_ring,
          shapermc_ecumenical_altar_pompeii
D:2:      layout_rooms, serial_curves, eino_curves_04, eino_curves_04,
          eino_curves_04
D:3:      layout_basic, nicolae_overflow_hidden_temple,
          nicolae_overflow_ecumenical_swirl, serial_shops,
          nicolae_shop_waterfront, cheibrodos_sewer_entry_drain,
          wad_floor_pattern_1
Sewer:    kennysheep_sewer_church

Skill      XL: |  1  2  3  4  5 |
---------------+----------------+-----
Long Blades    | 4 5 6 |  6.2
Armour         | 2 3 |  3.3
Dodging        | 4 |  4.6
Fighting       | 3 |  3.7
Throwing       | |  2.1
Stealth        | |  0.3

Action                   |  1- 3 |  4- 6 || total
-------------------------+-------+-------++-------
Melee: Long sword        |   106 |    85 ||   191
       Headbutt          |    15 |     9 ||    24
       Punch             |       |     1 ||     1
  Use: Scroll            |     9 |       ||     9
Armor: Leather armour    |    20 |    41 ||    61
Dodge: Dodged            |    62 |   110 ||   172
